 Dungeon Crawl Stone Soup version 0.29.1-1-gd02db69 (webtiles) character file.

Game seed: 15008217547714081856

3504 Kel the Cleaver (level 10, -3/84 HPs)
             Began as a Gargoyle Berserker on Nov 25, 2022.
             Was a Priest of Trog.
             Slain by a fire elemental (9 damage)
             ... summoned by a deep elf pyromancer
             ... on level 8 of the Dungeon.
             The game lasted 00:12:15 (6964 turns).

Kel the Cleaver (Gargoyle Berserker)                Turns: 6964, Time: 00:12:15

Health: -3/84      AC: 10    Str: 30    XL:     10   Next: 7%
Magic:  10/10      EV:  8    Int:  9    God:    Trog [***...]
Gold:   448        SH:  2    Dex:  9    Spells: 9/9 levels left

rFire   . . .      SeeInvis .   d - +0 war axe
rCold   . . .      Faith    .   o - +0 buckler
rNeg    + . .      Spirit   .   x - +0 chain mail rPois āˆž Reflect .
                                m - +0 helmet
rElec   +          Harm     .   (no cloak)
rCorr   .          Rampage  .   i - +0 pair of gloves
Will    +....                   (no boots)
Stlth   ..........              k - amulet of regeneration
HPRegen 1.04/turn               v - ring of willpower
MPRegen 0.12/turn               A - +6 ring of strength

@: berserking, corroded, very quick
A: sickness immunity, AC +7, negative energy resistance 1, electricity
resistance, torment resistance 1, petrification resistance
a: Renounce Religion, Berserk, Trog's Hand


You were on level 8 of the Dungeon.
You worshipped Trog.
Trog was most pleased with you.
You visited 1 branch of the dungeon, and saw 8 of its levels.

You collected 448 gold pieces.

Inventory:

Hand Weapons
 d - a +0 war axe (weapon)
Missiles
 J - a throwing net (quivered)
Armour
 i - a +0 pair of gloves (worn)
 m - a +0 helmet (worn)
 o - a +0 buckler (worn)
 x - a +0 chain mail (worn)
Jewellery
 k - an amulet of regeneration (around neck)
 v - a ring of willpower (left hand)
 w - a ring of flight
 y - a ring of see invisible
 A - a +6 ring of strength (right hand)
 C - a +6 ring of intelligence
 D - an amulet of reflection
 H - a ring of fire
Wands
 I - a wand of charming (13)
Scrolls
 b - 2 scrolls of vulnerability {unknown}
 c - 10 scrolls of teleportation {unknown}
 f - 3 scrolls of immolation {unknown}
 g - a scroll of noise {unknown}
 j - 2 scrolls of poison {unknown}
 r - 5 scrolls of identify {unknown}
 s - a scroll of silence {unknown}
 u - 2 scrolls of fog {unknown}
 B - a scroll of blinking {unknown}
 E - a scroll of amnesia {unknown}
 F - a scroll of enchant weapon {unknown}
 G - a scroll of magic mapping {unknown}
Potions
 a - a potion of lignification {unknown}
 e - 2 potions of haste
 h - 2 potions of ambrosia {unknown}
 l - 7 potions of flight {unknown}
 n - 2 potions of mutation {unknown}
 p - 2 potions of attraction {unknown}
 q - a potion of degeneration {unknown}
 t - 3 potions of curing
 z - a potion of heal wounds {unknown}
 K - a potion of berserk rage {unknown}


   Skills:
 - Level 3.2 Fighting
 + Level 13.1 Axes
 - Level 2.1 Armour
 - Level 1.5 Dodging


You had 9 spell levels left.
You didn't know any spells.
Your spell library was empty.

Dungeon Overview and Level Annotations

Branches:
Dungeon (8/15)             Temple (0/1) D:7
   Lair: D:8-11

Altars:
Elyvilon
Nemelex Xobeh
Ru
Sif Muna
Wu Jian
Zin


Innate Abilities, Weirdness & Mutations

You are immune to sickness and miasma.
Your stone body is resilient. (AC +7)
You are immune to poison.
You resist negative energy. (rN+)
You are resistant to electric shocks. (rElec)
You are resistant to unholy torment.
You are immune to petrification.


Message History

The acid dragon is almost dead.
You hear a shout!
A cyclops comes into view.
The acid dragon bites you. The acid dragon claws you.
* * * LOW HITPOINT WARNING * * *
A deep elf pyromancer comes into view. It is wielding a +0 dagger.
You hit the acid dragon but do no damage.
The acid dragon is almost dead.
The acid dragon spits acid at you. The splash of acid misses you.
A red film seems to cover your vision as you go berserk!
You feel yourself moving faster!
You feel mighty! The acid dragon barely misses you. The acid dragon claws you.
* * * LOW HITPOINT WARNING * * *
You slash the acid dragon!
You kill the acid dragon!
Trog accepts your kill.
Your Axes skill increases to level 13!
The deep elf pyromancer mumbles some strange words.
You see here an acid dragon corpse.
You barely miss the deep elf pyromancer.
You slash the fire elemental!
The deep elf pyromancer hits you with a +0 dagger.
* * * LOW HITPOINT WARNING * * *
You closely miss the deep elf pyromancer.
You miss the fire elemental. The fire elemental closely misses you.
You closely miss the deep elf pyromancer.
You slash the fire elemental! You hit the fire elemental.
The fire elemental hits you. The fire elemental burns you!
* * * LOW HITPOINT WARNING * * *
The fire elemental hits you. The fire elemental burns you!
* * * LOW HITPOINT WARNING * * *
The deep elf pyromancer closely misses you.
You slash the deep elf pyromancer!
The deep elf pyromancer is moderately wounded.
You slash the fire elemental! You slice the fire elemental!!
You block the fire elemental's attack. The fire elemental hits you.
* * * LOW HITPOINT WARNING * * *
The fire elemental burns you!
You die...

##.......#
#.......# #.......#
## #..######
...######..##..##
........#.......#
........#.......#
.......E#.......#
......C.@eā—‹.....#
...######E...#.##
.......# ...##....#
....# ...## ......
...# ....#.. #...
........ ...


You could see a cyclops, a deep elf pyromancer and 2 fire elementals.

Vanquished Creatures
  Pikel (D:6)
  Maggie (D:7)
  Psyche (D:8)
  A troll (D:5)
  Prince Ribbit (D:6)
  The ghost of OSAMASBALLS the Magician, an amateur DjIE of Makhleb (D:5)
  A steam dragon (D:7)
  Menkaure (D:7)
  An acid dragon (D:8)
  A water moccasin (D:5)
  A sky beast (D:7)
  4 ice beasts
  An ogre (D:4)
  A centaur (D:6)
  A lemure (D:6)
  A phantom (D:4)
  A scorpion (D:6)
  2 jellies
  2 bullfrog skeletons (D:5)
  A gnoll bouda (D:8)
  4 hounds
  An orc priest (D:6)
  Natasha (thrice) (D:2)
  2 iguanas
  2 orc wizards
  A killer bee zombie (D:5)
  6 gnolls
  6 adders
  A shadow imp (D:6)
  A worm (D:5)
  7 dart slugs
  12 orcs
  7 endoplasms
  5 giant cockroaches
  3 hobgoblins (D:1)
  6 jackals
  4 quokkas
  6 ball pythons
  4 bats
  2 frilled lizards
  7 goblins
  6 kobolds
  6 rats
127 creatures vanquished.

Notes
Turn   | Place    | Note
-------+----------+-------------------------------------------
     0 | D:1      | Kel the Gargoyle Berserker began the quest for the Orb.
     0 | D:1      | Reached XP level 1. HP: 14/14 MP: 1/1
   208 | D:1      | Reached skill level 3 in Axes
   214 | D:1      | Reached XP level 2. HP: 19/19 MP: 2/2
   720 | D:1      | Reached XP level 3. HP: 18/23 MP: 3/3
  1140 | D:2      | Reached skill level 4 in Axes
  1212 | D:2      | Found a sparkling altar of Nemelex Xobeh.
  1216 | D:2      | Noticed Natasha
  1218 | D:2      | Reached ** piety under Trog
  1224 | D:2      | Killed Natasha
  1225 | D:2      | Reached XP level 4. HP: 9/28 MP: 4/4
  1361 | D:2      | Noticed Natasha
  1376 | D:2      | Killed Natasha
  1926 | D:2      | Reached skill level 5 in Axes
  2064 | D:2      | Reached XP level 5. HP: 32/32 MP: 5/5
  2184 | D:2      | Found a faded altar of an unknown god.
  2275 | D:2      | Noticed Natasha
  2290 | D:2      | Killed Natasha
  2816 | D:3      | You fall into a shaft and drop 1 floor!
  3677 | D:4      | Found a sacrificial altar of Ru.
  3677 | D:4      | Noticed a phantom
  3695 | D:4      | Killed a phantom
  3696 | D:4      | Reached skill level 6 in Axes
  3696 | D:4      | Reached XP level 6. HP: 37/37 MP: 6/6
  4311 | D:5      | Entered Level 5 of the Dungeon
  4340 | D:5      | Noticed an ice beast
  4351 | D:5      | Killed an ice beast
  4352 | D:5      | Reached skill level 7 in Axes
  4352 | D:5      | Reached XP level 7. HP: 32/41 MP: 7/7
  4455 | D:5      | Reached *** piety under Trog
  4497 | D:5      | Noticed a troll
  4509 | D:5      | Reached skill level 8 in Axes
  4515 | D:5      | Killed a troll
  4516 | D:5      | Reached XP level 8. HP: 20/46 MP: 8/8
  4549 | D:5      | Noticed OSAMASBALLS's ghost (amateur DjIE)
  4550 | D:5      | Found a transporter.
  4787 | D:5      | Found a transporter.
  4973 | D:5      | HP: 1/46 [bullfrog skeleton (3)]
  4974 | D:5      | Reached skill level 9 in Axes
  4974 | D:5      | Killed OSAMASBALLS's ghost
  5054 | D:6      | Noticed Prince Ribbit
  5071 | D:6      | Killed Prince Ribbit
  5072 | D:6      | Reached skill level 10 in Axes
  5212 | D:6      | Noticed Pikel
  5232 | D:6      | Killed Pikel
  5233 | D:6      | Reached skill level 11 in Axes
  5233 | D:6      | Reached XP level 9. HP: 51/51 MP: 9/9
  6102 | D:7      | Noticed Maggie
  6113 | D:7      | Killed Maggie
  6288 | D:7      | Found an ornate altar of the Wu Jian Council.
  6289 | D:7      | Found a white marble altar of Elyvilon.
  6289 | D:7      | Found a shimmering blue altar of Sif Muna.
  6290 | D:7      | Found a glowing silver altar of Zin.
  6325 | D:7      | Reached skill level 12 in Axes
  6368 | D:7      | Noticed Menkaure
  6374 | D:7      | Killed Menkaure
  6498 | D:7      | Found a staircase to the Ecumenical Temple.
  6512 | D:7      | HP: 2/51 [steam dragon] (8)]
  6820 | D:8      | Noticed Psyche
  6826 | D:8      | Killed Psyche
  6827 | D:8      | Reached XP level 10. HP: 56/56 MP: 10/10
  6956 | D:8      | Noticed a cyclops
  6956 | D:8      | Noticed a deep elf pyromancer
  6960 | D:8      | Reached skill level 13 in Axes
  6964 | D:8      | Slain by a fire elemental

Illustrated notes

Levels and vault maps discovered:
D:1:      psy_arrival_dodecagon, layout_loops_ring, minmay_misc_feat_tower,
          minmay_pentomino_r2
D:2:      layout_basic, serial_glass, glass_columns_b, glass_columns_a,
          nicolae_ecumenical_snake_handling, basic_altar,
          kennysheep_generic_room_14, uniq_natasha, uniq_crazy_yiuf_cottage
D:3:      layout_loops_ring, serial_aquarium, aquarium_bridge_square
          [aquarium_subvault_bridge, aquarium_subvault_wall,
          aquarium_subvault_wall, aquarium_subvault_bridge], aquarium_window_2,
          aquarium_window_1, aquarium_window_fake, aquarium_window_1,
          aquarium_view_2g, aquarium_balcony_3a, aquarium_pool_corner
D:4:      layout_loops_cross, nicolae_ru_sacrificial_ziggurat,
          cheibrodos_gnoll_hut
D:5:      layout_basic, gammafunk_ghost_mausoleum, minmay_misc_feat_four_crosses
D:6:      layout_gridville, uniq_pikel, uniq_prince_ribbit1
D:7:      layout_gridville, chequers_temple_overflow_statue_of_worship,
          minmay_temple_entry_mist, hex_medium, uniq_maggie, uniq_menkaure
D:8:      minmay_cut_squares, layout_gridville,
          nicolae_uskayaw_murder_on_the_dancefloor, uniq_psyche

Skill      XL: |  1  2  3  4  5  6  7  8  9 10 |
---------------+-------------------------------+-----
Axes           | 3 4 5 6 7 8 11 12 13 | 13.1
Fighting       | |  3.2
Armour         | |  2.1
Dodging        | |  1.5

Action                   |  1- 3 |  4- 6 |  7- 9 | 10-12 || total
-------------------------+-------+-------+-------+-------++-------
Melee: Hand axe          |    18 |       |       |       ||    18
       War axe           |    43 |   174 |   187 |    43 ||   447
       Punch             |     2 |       |       |       ||     2
Invok: Berserk           |     1 |       |     3 |     1 ||     5
Armor: Leather armour    |    15 |       |       |       ||    15
       Animal skin       |     3 |       |       |       ||     3
       Ring mail         |     6 |    77 |       |       ||    83
       Scale mail        |       |    40 |       |       ||    40
       Chain mail        |       |     4 |   127 |    12 ||   143
Dodge: Dodged            |    33 |   104 |    72 |    23 ||   232
Block: Buckler           |       |    13 |    22 |     7 ||    42
